AoeStats
← Hambo XV

Arabia

503816117Analyzed
1v1 RM · 1mo ago on Sep 2, 2026· 39m 9s· 2 players
Game mode
Random Map
Map size
Tiny (2 player)
Population
200
Speed
Normal
Resources
Standard
Victory
Conquest
Starting age
Dark Age
Ending age
Imperial Age
RankedLock teamsTeams togetherTeam positionsShared explorationLock speedFull tech treeHidden civsTurbo modeCheats
Victory
Defeat
🇩🇪 Franks · Germany
930
+18
🇬🇧 Goths · United Kingdom
968
-18
Kasten09
6:35 Loom
9:49 Feudal Age
14:21 Double-Bit Axe
20:29 Castle Age
19:47 Fletching
21:11 Bodkin Arrow
21:33 Crossbowman
22:35 Husbandry
25:03 Bow Saw
26:30 Scale Barding Armor
29:54 Chain Barding Armor
29:47 Forging
29:47 Town Watch
31:28 Iron Casting
35:48 Wheelbarrow
36:56 Chain Barding Armor
Hambo XV
1:10 Loom
11:42 Feudal Age
12:53 Man-at-Arms
18:31 Double-Bit Axe
23:42 Castle Age
25:00 Scale Mail Armor
25:06 Squires
25:33 Bow Saw
27:48 Horse Collar
33:15 Pikeman
34:44 Chain Mail Armor
Connection lost

Rejoining the realm…

Still unreachable

The connection could not be restored.

Session expired

The server has moved on; the page needs a fresh start.